 Dungeon Crawl Stone Soup version 0.22.1-5-g62c59d9 (webtiles) character file.

57 nuthulu the Skirmisher (level 4, -1/29 HPs)
             Began as a Gargoyle Fighter on Jan 7, 2019.
             Slain by Crazy Yiuf
             ... wielding a +3 quarterstaff of chaos
              (2 damage)
             ... on level 2 of the Dungeon.
             The game lasted 00:02:41 (903 turns).

nuthulu the Skirmisher (Gargoyle Fighter)            Turns: 903, Time: 00:02:42

Health: -1/29      AC: 12    Str: 26    XL:     4   Next: 0%
Magic:  2/4        EV:  7    Int:  8    God:
Gold:   70         SH: 10    Dex:  9    Spells: 3/3 levels left

rFire    . . .     SeeInvis .   a - +0 flail
rCold    . . .     Gourm    .   c - +1 shield
rNeg     + . .     Faith    .   b - +0 scale mail
rPois    ∞         Spirit   .   (no helmet)
rElec    +         Reflect  .   h - +0 cloak
rCorr    .         Harm     .   j - +0 pair of gloves
MR       .....                  (no boots)
Stlth    ..........             (no amulet)
HPRegen  0.09/turn              (no ring)
MPRegen  0.09/turn              (no ring)

@: mighty, slowed, very slow
A: negative energy resistance 1, electricity resistance, unbreathing,
petrification resistance, rot immunity, AC +3
a: no special abilities


You were on level 2 of the Dungeon.
You were not hungry.

You visited 1 branch of the dungeon, and saw 2 of its levels.

You collected 70 gold pieces.

Inventory:

Hand Weapons
 a - a +0 flail (weapon)
Armour
 b - a +0 scale mail (worn)
 c - a +1 shield (worn)
 h - a +0 cloak (worn)
 j - a +0 pair of gloves (worn)
Scrolls
 e - 3 scrolls of remove curse
 i - a scroll of teleportation
Potions
 d - a potion of might
Comestibles
 f - 2 rations
 g - 3 chunks of flesh


   Skills:
 + Level 4.0 Fighting
 * Level 3.6 Maces & Flails
 - Level 3.2 Armour
 - Level 3.2 Shields


You had 3 spell levels left.
You didn't know any spells.
Your spell library was empty.

Dungeon Overview and Level Annotations

Branches:
Dungeon (2/15)

Altars:

Annotations:
D:2 Crazy Yiuf


Innate Abilities, Weirdness & Mutations

You are resistant to torment.
Your stone body is resilient. (AC +3)
You are immune to poison.
You resist negative energy. (rN+)
You are resistant to electric shocks. (rElec)
You can survive without breathing.
You are immune to petrification.
You are immune to rotting.


Message History

You feel yourself slow down.
You barely miss Crazy Yiuf.
Crazy Yiuf is almost dead.
Crazy Yiuf hits you with a quarterstaff of chaos.
You closely miss Crazy Yiuf.
Crazy Yiuf is almost dead.
Crazy Yiuf hits you with a quarterstaff of chaos.
* * * LOW HITPOINT WARNING * * *
You feel your power leaking away.
Crazy Yiuf hits you with a quarterstaff of chaos.
* * * LOW HITPOINT WARNING * * *
Crazy Yiuf burns you.
* * * LOW HITPOINT WARNING * * *
Unknown command.
Sorry, you're not good enough to have a special ability.
You feel very mighty all of a sudden.
Crazy Yiuf hits you with a quarterstaff of chaos.
* * * LOW HITPOINT WARNING * * *
Crazy Yiuf burns you.
You die...

#................######.....#
###.......!####.## #....)#
#.....#..#....# #.....# #
#.......####### ####..#
###.##....# #..# ..........#
♣♣♣♣♣##..# .#.####...# ####
♣♣♣.♣.P#...##### ....# #...#
#...#♣..♣.PP........# ##..#
#...# #..g@.♣♣♣♣......##).#
#..# #(..# #)..#♣♣
♣♣.#......## #..###...# ####
♣♣##....... #........#
#....... #.####...# #)......
##.#
##.#################.....>.
#..#
#.##....##................
#.##
#.##.##......#..##........
#.#
#.##..###......†...#######


You could see Crazy Yiuf.

Vanquished Creatures
  An adder (D:2)
  4 dart slugs
  A leopard gecko (D:1)
  4 bats (D:1)
  2 giant cockroaches (D:1)
  6 goblins
  3 hobgoblins
  2 jackals (D:1)
  A ball python (D:2)
  4 frilled lizards (D:1)
  4 kobolds
  7 rats
39 creatures vanquished.

Notes
Turn   | Place    | Note
-------+----------+-------------------------------------------
     0 | D:1      | nuthulu the Gargoyle Fighter began the quest for the Orb.
     0 | D:1      | Reached XP level 1. HP: 14/14 MP: 1/1
    95 | D:1      | Reached XP level 2. HP: 19/19 MP: 2/2
   293 | D:1      | Reached XP level 3. HP: 24/24 MP: 3/3
   724 | D:2      | Reached skill level 4 in Fighting
   789 | D:2      | Reached XP level 4. HP: 27/29 MP: 4/4
   817 | D:2      | Found a runed door.
   888 | D:2      | Noticed Crazy Yiuf
   903 | D:2      | HP: 1/29 [Crazy Yiuf/quarterstaff of chaos (3)]
   903 | D:2      | Slain by Crazy Yiuf

Skill      XL: |  1  2  3 |
---------------+----------+-----
Maces & Flails | 3 |  3.6
Fighting       | 4 |  4.0
Armour         | |  3.2
Shields        | |  3.2

Action                   |  1- 3 |  4- 6 || total
-------------------------+-------+-------++-------
Melee: Flail             |   132 |    15 ||   147
  Use: Scroll            |     5 |       ||     5
       Potion            |       |     1 ||     1
Armor: Scale mail        |    76 |     4 ||    80
Dodge: Dodged            |    42 |     3 ||    45
Block: Shield            |    86 |     4 ||    90
